 Dungeon Crawl Stone Soup version 0.26-a0-1129-gc5df7fbe6a (webtiles) character file.

Game seed: 12346471680547640345

5770 Dracia the Grappler (level 10, -3/96 HPs)
             Began as a Troll Monk on Dec 18, 2020.
             Slain by a black mamba (18 damage)
             ... on level 1 of the Lair of Beasts.
             The game lasted 00:16:33 (8670 turns).

Dracia the Grappler (Troll Monk)                    Turns: 8670, Time: 00:16:33

Health: -3/96      AC: 10    Str: 21    XL:     10   Next: 49%
Magic:  9/9        EV: 15    Int:  6    God:
Gold:   599        SH:  0    Dex: 15    Spells: 9/9 levels left

rFire    . . .     SeeInvis .     - Unarmed
rCold    . . .     Faith    .   (no shield)
rNeg     . . .     Spirit   .   s - +1 robe
rPois    .         Reflect  .   (helmet restricted)
rElec    .         Harm     .   l - +2 cloak
rCorr    .         Rampage  .   (gloves unavailable)
Will     .....                  (boots unavailable)
Stlth    +++.......             (no amulet)
HPRegen  0.66/turn              (no ring)
MPRegen  0.11/turn              (no ring)

@: lethally poisoned (-3 -> -5)
A: large, unfitting armour, claws 3, camouflage 1, regeneration 1, robust 1,
shaggy fur 1, tough skin 3
a: no special abilities


You were on level 1 of the Lair of Beasts.
You visited 2 branches of the dungeon, and saw 9 of its levels.

You collected 599 gold pieces.


Innate Abilities, Weirdness & Mutations

You are too large for most types of armour.
You have claws for hands.
Your natural rate of healing is unusually fast.
You are covered in fur. (AC +1)
You have extremely tough skin. (AC +3)
Your skin changes colour to match your surroundings (Stealth+).
You are robust. (+10% HP)


   Skills:
 - Level 2.4 Fighting
 + Level 3.1 Slings
 - Level 7.9 Dodging
 - Level 1.0 Stealth
 + Level 10.5 Unarmed Combat
 + Level 5.0 Evocations


You had 9 spell levels left.
You didn't know any spells.
Your spell library contained the following spells:

 Spells                   Type           Power        Failure   Level
 Animate Skeleton         Necr           0%           45%         1
 Apportation              Tloc           0%           45%         1
 Corona                   Hex            0%           45%         1
 Foxfire                  Conj/Fire      0%           45%         1
 Summon Small Mammal      Summ           0%           45%         1
 Conjure Flame            Conj/Fire      0%           83%         3
 Inner Flame              Hex/Fire       0%           83%         3
 Cause Fear               Hex            0%           99%         4
 Sticky Flame             Conj/Fire      0%           99%         4
 Fireball                 Conj/Fire      0%           100%        5
 Dragon Form              Tmut           0%           100%        7
 Dragon's Call            Summ           0%           100%        9

Inventory:

Hand Weapons
 a - the +5 hunting sling of Yesterday {freeze, Dex+3}
   (You found it on level 6 of the Dungeon)

   It causes projectiles fired from it to freeze those they strike, causing
   extra injury to most foes and up to half again as much damage against
   particularly susceptible opponents.
   They can also slow down cold-blooded creatures.
   It affects your dexterity (+3).
Missiles
 j - a curare-tipped dart {=f=f}
 o - 2 throwing nets {=f=f}
 q - 25 poisoned darts (quivered)
 x - 203 stones
 D - 5 atropa-tipped darts
Armour
 l - a +2 cloak (worn)
 s - a +1 robe (worn)
Jewellery
 c - an uncursed ring of ice
 f - an uncursed ring of fire
 C - an uncursed ring of ice
Wands
 e - a wand of acid (12)
 h - a wand of iceblast (12)
 i - a wand of paralysis (11)
 m - a wand of flame (8)
 w - a wand of digging (5)
Scrolls
 k - a scroll of fear
 p - a scroll of fog {unknown}
 v - 3 scrolls of teleportation {@r4@r4}
 y - 4 scrolls of identify {@r1@r1}
 B - a scroll of enchant armour
 E - a scroll of blinking
 F - 4 scrolls of remove curse {@r2@r2}
Potions
 b - a potion of haste {@q3@q3}
 d - a potion of mutation
 g - 2 potions of attraction
 n - 2 potions of might
 r - a potion of curing {@q1@q1}
 t - a potion of berserk rage {!q!q}
 u - a potion of heal wounds {@q2@q2}
 z - a potion of brilliance

Dungeon Overview and Level Annotations

Branches:
Dungeon (8/15)             Temple (0/1) D:6            Lair (1/6) D:8

Altars:
Gozag
Okawaru
Xom

Shops:
D:4 }   D:7 *

Annotations:
D:4 1 runed translucent door, Selgatrox's ghost, amateur DsGl
D:6 1 runed translucent door, WasteTime5's ghost, novice OpTm
D:8 1 runed translucent door
Lair:1 Sonja

### ###
#############.###.#
#..................
#.............(.##.
#.######.##########
#S@# ########## #
##.#######......?###
#...................
##..............$..#
#..#.###.#####....##
...>.#####.# ##...#
####.# #..# #...#
### ##.## #...# #.P#
#.....


You could see a black mamba.


Message History

Really quaff
t - a potion of berserk rage {!q!q}?
Okay, then.
The black mamba completely misses you. The black mamba completely misses you.
You miss the black mamba.
The black mamba is moderately wounded.
The black mamba misses you.
You scratch the black mamba but do no damage.
The black mamba is moderately wounded.
The black mamba closely misses you. The water moccasin closely misses you.
The black mamba bites you!
* * * LOW HITPOINT WARNING * * *
You are poisoned.
The black mamba poisons you!
You claw the water moccasin!
The water moccasin is heavily wounded.
You feel sick. The water moccasin closely misses you.
The black mamba barely misses you.
The water moccasin bites you but does no damage.
You scratch the water moccasin but do no damage.
The water moccasin is heavily wounded.
You feel sick. The black mamba bites you.
* * * LOW HITPOINT WARNING * * *
The black mamba closely misses you.
The water moccasin bites you but does no damage.
You claw the water moccasin!
You kill the water moccasin!
You feel sick. The black mamba barely misses you.
You feel sick. The black mamba bites you!!
You die...

Skill      XL: |  1  2  3  4  5  6  7  8  9 10 |
---------------+-------------------------------+-----
Dodging        | 3 4 5 6 7 |  7.9
Unarmed Combat | 4 5 6 7 8 9 10 | 10.5
Evocations     | 1 4 5 |  5.0
Slings         | 1 3 |  3.1
Fighting       | |  2.4
Stealth        | |  1.0

Action                   |  1- 3 |  4- 6 |  7- 9 | 10-12 || total
-------------------------+-------+-------+-------+-------++-------
Melee: Unarmed           |    85 |   132 |   498 |   132 ||   847
       Punch             |     2 |     2 |    28 |     4 ||    36
 Fire: Hunting sling     |       |       |    10 |       ||    10
  Use: Potion            |       |       |     6 |     4 ||    10
       Scroll            |       |       |    10 |     2 ||    12
 Stab: Sleeping          |     3 |     1 |    10 |     5 ||    19
       Distracted        |       |       |     1 |     1 ||     2
Armor: Robe              |    41 |    52 |   137 |    45 ||   275
       Skin              |       |       |    15 |       ||    15
Dodge: Dodged            |    54 |    86 |   385 |    92 ||   617

Levels and vault maps discovered:
D:1:      dpeg_arrival_morbid_curiosity, layout_loops_ring,
          roderic_serpentine_path, chequers_serial_rivers_large_a, minmay_cupped
D:2:      layout_rooms, grunt_gozag_breadcrumbs, uniq_crazy_yiuf_cottage,
          uniq_sigmund
D:3:      lemuel_castle_with_subvaults [lemuel_castle_interior_original],
          layout_basic, minmay_close_crescents, uniq_terence, uniq_natasha,
          uniq_ijyb, uniq_grinder
D:4:      layout_cave_pools, serial_shops, nicolae_shop_crystal,
          ebering_ghost_sewer_d
D:5:      minmay_clustersquares, layout_loops_cross, kennysheep_little_box,
          uniq_duvessa
D:6:      layout_basic, minmay_temple_entry_antechambers, ebering_ghost_xom,
          due_unseen_surprise
D:7:      layout_loops_corners, serial_shops, nicolae_shop_window_shopping
D:8:      cheibrodos_shockbox, layout_basic, lair_entry_dummy,
          chequers_serial_rivers_micro_d
Lair:1:   gammafunk_indiana_jones, layout_small_grid, serial_bayou_pond_a,
          uniq_sonja

Notes
Turn   | Place    | Note
-------+----------+-------------------------------------------
     0 | D:1      | Dracia the Troll Monk began the quest for the Orb.
     0 | D:1      | Reached XP level 1. HP: 22/22 MP: 0/0
   303 | D:1      | Reached XP level 2. HP: 29/29 MP: 1/1
  1073 | D:2      | Reached skill level 3 in Dodging
  1085 | D:2      | Reached XP level 3. HP: 36/36 MP: 2/2
  1105 | D:2      | Found an opulent altar of Gozag.
  1244 | D:2      | Noticed Sigmund
  1261 | D:2      | Killed Sigmund
  1262 | D:2      | Reached skill level 4 in Dodging
  1262 | D:2      | Reached skill level 4 in Unarmed Combat
  1262 | D:2      | Reached XP level 4. HP: 21/44 MP: 3/3
  1262 | D:2      | Reached XP level 5. HP: 24/50 MP: 4/4
  1682 | D:2      | Found a runed translucent door.
  1683 | D:2      | Noticed Crazy Yiuf
  1695 | D:2      | Killed Crazy Yiuf
  1696 | D:2      | Reached skill level 5 in Unarmed Combat
  1962 | D:3      | Reached XP level 6. HP: 39/57 MP: 5/5
  2093 | D:3      | Noticed Ijyb
  2110 | D:3      | Killed Ijyb
  2228 | D:3      | You fall into a shaft and drop 2 floors!
  2228 | D:5      | Entered Level 5 of the Dungeon
  2251 | D:5      | Reached skill level 6 in Unarmed Combat
  2447 | D:4      | Reached skill level 5 in Dodging
  2447 | D:4      | Reached XP level 7. HP: 55/66 MP: 6/6
  2688 | D:3      | Noticed Terence
  2736 | D:3      | Killed Terence
  2743 | D:3      | Gained mutation: Your skin changes colour to match your
                  | surroundings (Stealth+). [potion of mutation]
  2743 | D:3      | Gained mutation: You are robust. (+10% HP) [potion of
                  | mutation]
  2785 | D:3      | HP: 4/72 [gnoll/+0 halberd (14)]
  3060 | D:3      | Reached skill level 7 in Unarmed Combat
  3159 | D:3      | Reached skill level 6 in Dodging
  3159 | D:3      | Reached XP level 8. HP: 70/81 MP: 7/7
  3322 | D:3      | Noticed Natasha
  3329 | D:3      | Killed Natasha
  3429 | D:3      | Noticed Grinder
  3442 | D:3      | Paralysed by Grinder for 5 turns
  3449 | D:3      | Paralysed by Grinder for 5 turns
  3454 | D:3      | Killed Grinder
  3741 | D:4      | Reached skill level 8 in Unarmed Combat
  3911 | D:4      | Found Cuosh's Gadget Shop.
  3984 | D:4      | Found a runed translucent door.
  3997 | D:4      | Noticed Selgatrox's ghost (amateur DsGl)
  4252 | D:5      | Noticed Dowan
  4271 | D:5      | Reached skill level 1 in Evocations
  4276 | D:5      | Reached skill level 7 in Dodging
  4284 | D:5      | Killed Dowan
  4405 | D:5      | Found an iron altar of Okawaru.
  4435 | D:5      | Noticed Duvessa
  4442 | D:5      | Killed Duvessa
  4633 | D:5      | Reached XP level 9. HP: 75/88 MP: 8/8
  4638 | D:5      | Reached skill level 2 in Evocations
  4910 | D:5      | Reached skill level 9 in Unarmed Combat
  5148 | D:6      | Found a staircase to the Ecumenical Temple.
  5175 | D:6      | Found a runed translucent door.
  5175 | D:6      | Found a shimmering altar of Xom.
  5175 | D:6      | Noticed WasteTime5's ghost (novice OpTm)
  5185 | D:6      | Noticed a +1 scimitar of chaos
  5274 | D:6      | Reached skill level 3 in Evocations
  5708 | D:6      | Got a shimmering hunting sling
  5709 | D:6      | Identified the +5 hunting sling of Yesterday {freeze,
                  | Dex+3} (You found it on level 6 of the Dungeon)
  6455 | D:7      | Found Fujum's Assorted Antiques.
  6782 | D:7      | Reached skill level 1 in Slings
  6984 | D:7      | Reached skill level 4 in Evocations
  7300 | D:7      | Reached XP level 10. HP: 87/96 MP: 9/9
  7480 | D:8      | Reached skill level 10 in Unarmed Combat
  7580 | D:8      | Reached skill level 2 in Slings
  7693 | D:8      | Noticed a sixfirhy
  7694 | D:8      | Found a runed translucent door.
  7810 | D:8      | Found a staircase to the Lair.
  8217 | Lair:1   | Entered Level 1 of the Lair of Beasts
  8313 | Lair:1   | Identified a potion of resistance
  8396 | Lair:1   | Reached skill level 3 in Slings
  8396 | Lair:1   | Reached skill level 5 in Evocations
  8490 | Lair:1   | Noticed Sonja
  8636 | Lair:1   | Noticed a black mamba
  8670 | Lair:1   | Slain by a black mamba

Vanquished Creatures
  Grinder (D:3)
  Sigmund (D:2)
  7 yaks (Lair:1)
  Duvessa (D:5)
  A water moccasin (Lair:1)
  3 ice beasts
  An orc warrior (D:8)
  A sky beast (D:7)
  A black bear (D:7)
  5 ogres
  4 phantoms
  A necrophage (D:8)
  3 centaurs
  2 bullfrogs
  A gnoll sergeant (D:3)
  4 scorpions (D:5)
  Dowan (D:5)
  5 howler monkeys
  5 wights (D:6)
  6 hounds
  4 orc priests
  3 centaur skeletons
  2 gnoll shamans (D:3)
  Crazy Yiuf (D:2)
  4 iguanas
  5 orc wizards
  Ijyb (D:3)
  Terence (D:3)
  Natasha (D:3)
  5 worker ants
  A hound skeleton (D:8)
  A hound zombie (D:7)
  55 gnolls
  12 adders
  2 shadow imps (D:5)
  5 white imps
  An ufetubus (D:6)
  2 adder zombies
  3 worms
  A dart slug (D:4)
  5 leopard geckos
  25 orcs
  3 ball pythons
  3 giant cockroaches
  3 goblins
  9 hobgoblins
  19 jackals
  6 quokkas
  7 bats
  6 frilled lizards
  15 kobolds
  7 rats
272 creatures vanquished.

Vanquished Creatures (others)
  5 fungi
  23 plants
28 creatures vanquished.

Grand Total: 300 creatures vanquished

Table legend: (Time is in decaauts)
 A = Elapsed time spent in this place.
 B = Non-inter-level travel time spent in this place.
 C = Inter-level travel time spent in this place.
 D = Time resting spent in this place.
 E = Time spent auto-exploring this place.
 F = Levels seen in this place.
 G = Mean time per level.
                   A        B        C        D        E       F      G
               +--------+--------+--------+--------+--------+-----+--------+
         Total |   8560 |   7966 |    594 |    920 |   5197 |   9 |  951.1 |
       Dungeon |   8111 |   7517 |    594 |    854 |   4920 |   8 | 1013.9 |
          Lair |    449 |    449 |      0 |     66 |    276 |   1 |  449.0 |
               +--------+--------+--------+--------+--------+-----+--------+

Top non-repeatable levels by time:
     D:3: 1495 daAuts
     D:1: 1249 daAuts
     D:5: 1138 daAuts
     D:2: 994 daAuts
     D:7: 988 daAuts
     D:8: 792 daAuts
     D:6: 752 daAuts
     D:4: 700 daAuts
  Lair:1: 449 daAuts

Table legend:
 A = Non-vault XP
 B = Vault XP
 C = Vault XP percentage of total XP
 D = Non-vault monster count
 E = Vault monster count
 F = Vault count percentage of total count
                 A         B        C        D         E       F
            +---------+---------+-------+---------+---------+-------
      Total |    6199 |    2045 |  24.8 |     182 |      90 |  33.1
            +---------+---------+-------+---------+---------+-------
        D:1 |      17 |      13 |  43.3 |      10 |       8 |  44.4
        D:2 |      54 |     252 |  82.4 |      21 |       2 |   8.7
        D:3 |     182 |    1214 |  87.0 |      31 |      68 |  68.7
        D:4 |     310 |       0 |   0.0 |      16 |       0 |   0.0
        D:5 |    1050 |     566 |  35.0 |      33 |      12 |  26.7
        D:6 |     776 |       0 |   0.0 |      21 |       0 |   0.0
        D:7 |    1139 |       0 |   0.0 |      19 |       0 |   0.0
        D:8 |    1116 |       0 |   0.0 |      23 |       0 |   0.0
     Lair:1 |    1555 |       0 |   0.0 |       8 |       0 |   0.0
            +---------+---------+-------+---------+---------+-------
